 Dungeon Crawl Stone Soup version 0.30.1 (webtiles) character file.

Game seed: 10175465157747849736

30 7w4c the Grave Robber (level 3, 0/24 HPs)
             Began as a Vampire Necromancer on July 11, 2023.
             Slain by a goblin
             ... wielding a +0 club
             ... led by Robin
              (5 damage)
             ... on level 2 of the Dungeon.
             The game lasted 00:03:52 (1102 turns).

7w4c the Grave Robber (Vampire Necromancer)         Turns: 1102, Time: 00:03:53

Health: 0/24       AC:  3    Str:  7    XL:     3   Next: 5%
Magic:  0/6        EV: 12    Int: 19    God:
Gold:   95         SH:  0    Dex: 14    Spells: 6/7 levels left

rFire   . . .        g - +0 spear
rCold   . . .        (no shield)
rNeg    . . .        a - +0 robe
rPois   .            n - +0 helmet
rElec   .            (no cloak)
rCorr   .            (no gloves)
SInv    +            (no boots)
Will    .....        d - amulet of regeneration
Stlth   ++           i - ring of flight
HPRegen 1.24/turn    (no ring)
MPRegen 0.10/turn

%: no passive effects
@: weak-willed, flying, healing quickly
A: alive, fangs 3, see invisible, vampiric 2
a: Exsanguinate


You were on level 2 of the Dungeon.
You visited 1 branch of the dungeon, and saw 2 of its levels.

You collected 95 gold pieces.

Inventory:

Hand Weapons
 g - a +0 spear (weapon)
Armour
 a - a +0 robe (worn)
 n - a +0 helmet (worn)
Jewellery
 d - an amulet of regeneration (around neck)
 i - a ring of flight (left hand)
Scrolls
 m - 2 scrolls of poison {unknown}
Potions
 b - 2 potions of magic
 c - a potion of heal wounds {unknown}
 e - a potion of curing {unknown}
 f - 2 potions of invisibility {unknown}
 k - a potion of attraction {unknown}
 l - a potion of might {unknown}


   Skills:
 + Level 0.2 Fighting
 + Level 2.2 Dodging
 + Level 3.3 Stealth
 + Level 2.5 Spellcasting
 + Level 4.9 Necromancy


You had 6 spell levels left.
You knew the following spells:

 Your Spells              Type           Power      Damage    Failure   Level
a - Necrotise             Necr           84%        1d8       1%          1

Your spell library contained the following spells:

 Spells                   Type           Power      Damage    Failure   Level
 Vampiric Draining        Necr           21%        2d7       6%          3
 Animate Dead             Necr           21%        N/A       21%         4
 Agony                    Necr           21%        N/A       50%         5


Dungeon Overview and Level Annotations

Branches:
Dungeon (2/15)

Altars:

Annotations:
D:2 Robin


Innate Abilities, Weirdness & Mutations

Your natural rate of healing is accelerated.
You have razor-sharp teeth.
You have supernaturally acute eyesight. (SInv)
You are afflicted with vampirism and can become a bat while bloodless.


Message History

Robin says, "Duck!"
Robin throws the goblin at you! The goblin hits you but does no damage.
Your goblin skeleton hits the goblin.
You hit the goblin.
The goblin is moderately wounded.
The goblin barely misses your goblin skeleton.
The goblin hits you with a +0 club.
Your goblin skeleton hits the goblin.
You closely miss the goblin.
The goblin is moderately wounded.
The goblin hits your goblin skeleton with a +0 club.
Your goblin skeleton is destroyed!
The goblin hits you but does no damage.
You closely miss the goblin.
The goblin is moderately wounded.
The goblin closely misses you. Robin throws the goblin at you!
The goblin hits you with a +0 club. The goblin closely misses you.
The goblin hits you with a +0 club. Robin throws the goblin at you!
The goblin hits you with a +0 club.
Casting: Necrotise (safe; 1% risk of failure)
Confirm with . or Enter, or press ? or * to list all spells.
Aiming: Necrotise (safe; 1% risk of failure)
Press: ? - help, Shift-Dir - straight line, f - goblin
Aim: a goblin, wielding a +0 club (strong, chance to affect: 90%)
The goblin writhes in agony.
The goblin hits you but does no damage. The goblin hits you with a +0 club.
Robin points. "Kill!"
The goblin barely misses you. The goblin closely misses you.
As you read the scroll labelled ODWE HAMUWET, it crumbles to dust.
Magic quickly surges around you.
It was a scroll of vulnerability.
The goblin hits you with a +0 club.
* * * LOW HITPOINT WARNING * * *
The goblin barely misses you. The goblin hits you with a +0 dagger.
* * * LOW HITPOINT WARNING * * *
The goblin closely misses you.
As you read the scroll labelled AGUWNEUTHRO, it crumbles to dust.
You feel aware of your surroundings.
You sensed 1 altar.
It was a scroll of magic mapping.
The goblin barely misses you. The goblin closely misses you.
The goblin hits you but does no damage. The goblin hits you with a +0 club.
You die...

.........(...,,,,*,*
*,*
..##..#########***,*
*,*
...............,,,,*
*,*
..####..######******
*,* ..**###.....###
***,****
..#...........#
**,,,,,,*
###.#######.#.####
*,,,,,,,* ***,*
#....gg##
***,.,,,,,* ,,,,*
###.##@g#
*,..,,,,,,* *****
#.###g####.##.,,,,,*
#.# #ggr......,*****
#.# #ggg......,* #.#
#.........,* #.#
#.........,* #.#
#..>......,* *,*
#.........,*
*,**#.........,*


You could see Robin (weak-willed), a quokka (weak-willed), 2 hobgoblins and 6
goblins.

Vanquished Creatures
  An endoplasm (D:1)
  6 giant cockroaches
  4 goblins
  5 hobgoblins
  2 ball pythons (D:1)
  4 bats (D:1)
  2 frilled lizards
  A kobold (D:1)
25 creatures vanquished.

Notes
Turn   | Place    | Note
-------+----------+-------------------------------------------
     0 | D:1      | 7w4c the Vampire Necromancer began the quest for the Orb.
     0 | D:1      | Reached XP level 1. HP: 13/13 MP: 3/3
   329 | D:1      | Reached XP level 2. HP: 19/19 MP: 5/5
   448 | D:1      | Found a faded altar of an unknown god.
  1085 | D:2      | Noticed Robin
  1094 | D:2      | Gained mutation: You are afflicted with vampirism and can
                  | become a bat while bloodless. [Vampire growth]
  1094 | D:2      | Reached XP level 3. HP: 20/24 MP: 2/6
  1102 | D:2      | Slain by a goblin

Illustrated notes

Levels and vault maps discovered:
D:1:      saegor_arrival_simple_d, layout_basic,
          shapermc_ecumenical_altar_pompeii
D:2:      layout_basic, basic_altar, uniq_robin

Action                     || total
---------------------------++-------
  Melee: Unarmed           ||    10
         Club              ||     6
         Bite              ||     6
         Spear             ||    26
   Cast: Necrotise         ||    27
    Use: Scroll            ||     2
   Stab: Sleeping          ||     2
         Distracted        ||     1
 Armour: Robe              ||    21
  Dodge: Dodged            ||    47
